AoeStats
← Blunted by Wizardry

Arabian Desert

509742449Analyzed
1v1 RM · 6d ago on Sep 27, 2026· 44m 49s· 2 players
Game mode
Random Map
Map size
Tiny (2 player)
Population
200
Speed
Normal
Resources
Standard
Victory
Conquest
Starting age
Dark Age
Ending age
Imperial Age
RankedLock teamsTeams togetherTeam positionsShared explorationLock speedFull tech treeHidden civsTurbo modeCheats
Victory
Defeat
🇺🇸 Hindustanis · United States
1069
+16
🇨🇱 Spanish · Chile
1069
-16
Blunted by Wizardry
5:09 Loom
10:04 Feudal Age
10:59 Double-Bit Axe
21:09 Forging
21:02 Horse Collar
26:33 Castle Age
26:09 Stone Mining
26:12 Gold Mining
27:12 Bloodlines
27:19 Husbandry
27:26 Scale Barding Armor
27:57 Iron Casting
30:11 Wheelbarrow
32:25 Chain Barding Armor
34:44 Hand Cart
34:40 Bow Saw
34:47 Scale Mail Armor
35:18 Squires
37:16 Town Watch
38:40 Fletching
39:19 Chain Mail Armor
40:34 Arson
46:03 Imperial Age
44:29 Bodkin Arrow
estebaan0
7:20 Loom
9:49 Feudal Age
10:35 Double-Bit Axe
21:55 Castle Age
21:11 Gold Mining
21:03 Horse Collar
22:51 Scale Barding Armor
25:28 Husbandry
26:31 Bloodlines
28:33 Bow Saw
29:44 Pikeman
30:24 Squires
31:59 Chain Barding Armor
32:04 Heavy Plow
39:49 Wheelbarrow
42:35 Imperial Age
Connection lost

Rejoining the realm…

Still unreachable

The connection could not be restored.

Session expired

The server has moved on; the page needs a fresh start.